 Dungeon Crawl Stone Soup version 0.27.1-33-g824d729ab1 (webtiles) character file.

Game seed: 10719999564593399914

18 vvl the Skirmisher (level 2, -7/24 HPs)
             Began as a Demonspawn Fighter on Dec 29, 2021.
             Killed from afar by a rime drake (26 damage)
             ... with a flash freeze
             ... created by the adversity of Qazlal
             ... on level 1 of the Dungeon.
             The game lasted 00:02:23 (431 turns).

vvl the Skirmisher (Demonspawn Fighter)              Turns: 431, Time: 00:02:26

Health: -7/24      AC:  6    Str: 16    XL:     2   Next: 48%
Magic:  2/2        EV:  6    Int:  9    God:
Gold:   4          SH:  8    Dex: 12    Spells: 1/1 levels left

rFire    . . .     SeeInvis .   a - +0 long sword
rCold    . . .     Faith    .   c - +0 kite shield
rNeg     + . .     Spirit   .   b - +0 scale mail
rPois    .         Reflect  .   (no helmet)
rElec    .         Harm     .   (no cloak)
rCorr    .         Rampage  .   (no gloves)
Will     .....                  (no boots)
Stlth    ..........             (no amulet)
HPRegen  0.08/turn              g - ring of positive energy
MPRegen  0.08/turn              (no ring)

@: no status effects
A: powered by death 1
a: no special abilities


You were on level 1 of the Dungeon.
You visited 1 branch of the dungeon, and saw 1 of its levels.

You collected 4 gold pieces.

Inventory:

Hand Weapons
 a - a +0 long sword (weapon)
Armour
 b - a +0 scale mail (worn)
 c - a +0 kite shield (worn)
Jewellery
 g - a ring of positive energy (left hand)
Scrolls
 f - a scroll of immolation {unknown}
Potions
 d - a potion of might
 e - 4 potions of curing {unknown}


   Skills:
 + Level 3.0 Fighting
 + Level 1.9 Long Blades
 + Level 2.7 Armour
 + Level 0.2 Dodging
 + Level 2.7 Shields
 + Level 0.2 Spellcasting
 + Level 0.5 Summonings
 + Level 0.4 Necromancy
 * Level 1.2 Invocations


You had one spell level left.
You didn't know any spells.
Your spell library was empty.

Dungeon Overview and Level Annotations

Branches:
Dungeon (1/15)

Altars:
Qazlal


Innate Abilities, Weirdness & Mutations

You regenerate a little health from kills.


Message History

The hobgoblin is moderately wounded.
The hobgoblin hits you but does no damage.
You hit the hobgoblin.
You kill the hobgoblin!
The jackal bites you but does no damage.
You closely miss the jackal. You block the jackal's attack. x2
You hit the jackal.
The jackal is severely wounded.
You block the jackal's attack.
The jackal bites you but does no damage. x2
You barely miss the jackal.
The jackal is severely wounded.
The jackal bites you. x2
You hit the jackal.
You kill the jackal!
No target in view!
No target in view!
No target in view!
Things that are here:
a hobgoblin corpse; a jackal corpse; a jackal corpse
g - a ring of positive energy
g - a ring of positive energy (left hand) Qazlal causes a mighty clap of thunder!
Qazlal incites the elements against you! 2 rime drakes come into view.
There are monsters nearby!
There are monsters nearby!
There are monsters nearby!
You slash the rime drake!
The rime drake is moderately wounded.
You hit the rime drake.
The rime drake is heavily wounded.
The rime drake bites you.
You miss the rime drake.
The rime drake is heavily wounded.
The rime drake barely misses you. The rime drake breathes ice at you.
The flash freeze hits you!!
Ouch! That really hurt!
You die...

... ##...#.##.# ..
#...#.##.###########.#
#
#...#.......†........#
#...#.......##########
#######...........#
......##...#......#
......#.#..#......#
###...#...........# #
#...#.........@.#
###...#........k.k#
......#...........#
###...#..!.......... #
#...#.............. #
#...#....>.......!..#
#...#...............#
#...# ..............#
#...#


You could see 2 rime drakes.

Vanquished Creatures
  A ball python (D:1)
  2 bats (D:1)
  An endoplasm (D:1)
  2 hobgoblins (D:1)
  4 jackals (D:1)
  2 quokkas (D:1)
  A kobold (D:1)
  2 rats (D:1)
15 creatures vanquished.

Notes
Turn   | Place    | Note
-------+----------+-------------------------------------------
     0 | D:1      | vvl the Demonspawn Fighter began the quest for the Orb.
     0 | D:1      | Reached XP level 1. HP: 18/18 MP: 1/1
    51 | D:1      | Found a faded altar of an unknown god.
   233 | D:1      | Became a worshipper of Qazlal Stormbringer
   233 | D:1      | Reached * piety under Qazlal
   239 | D:1      | Fell from the grace of Qazlal
   259 | D:1      | Reached skill level 1 in Invocations
   259 | D:1      | Gained mutation: You regenerate a little health from kills.
                  | [demonic ancestry]
   259 | D:1      | Reached XP level 2. HP: 24/24 MP: 2/2
   429 | D:1      | Noticed a rime drake
   429 | D:1      | Noticed a rime drake
   431 | D:1      | Killed from afar by a rime drake

Illustrated notes

Levels and vault maps discovered:
D:1:      dpeg_arrival_boxes_within_box, layout_basic, basic_ecumenical_altar

Skill      XL: |  1 |
---------------+----+-----
Invocations    | 1 |  1.2
Fighting       | |  3.0
Long Blades    | |  1.9
Armour         | |  2.7
Dodging        | |  0.2
Shields        | |  2.7
Spellcasting   | |  0.2
Summonings     | |  0.5
Necromancy     | |  0.4

Action                   || total
-------------------------++-------
Melee: Long sword        ||    55
Invok: Renounce Religion ||     1
Armor: Scale mail        ||    40
Dodge: Dodged            ||    28
Block: Kite shield       ||    26
       Rpst.: Long sword ||     6
